AoeStats
← 胤矢苍穹

Arabia

509842050Analyzed
2v2 RM · 4d ago on Sep 28, 2026· 61m 11s· 4 players
Game mode
Random Map
Map size
Medium (4 player)
Population
200
Speed
Normal
Resources
Standard
Victory
Conquest
Starting age
Dark Age
Ending age
Imperial Age
RankedLock teamsTeams togetherTeam positionsShared explorationLock speedFull tech treeHidden civsTurbo modeCheats
Victory
Defeat
🇭🇰 Armenians · Hong Kong SAR China
653
+13
🇭🇰 Bohemians · Hong Kong SAR China
652
+13
🇲🇽 Mongols · Mexico
595
-13
🇻🇳 Bohemians · Vietnam
582
-13
Tosko9760
0:30 Loom
11:21 Feudal Age
12:53 Wheelbarrow
12:06 Double-Bit Axe
14:46 Town Watch
16:46 Horse Collar
23:57 Castle Age
22:05 Gold Mining
22:15 Stone Mining
24:52 Bow Saw
24:47 Heavy Plow
25:05 Squires
24:27 Pikeman
25:25 Bloodlines
25:15 Husbandry
26:33 Gold Shaft Mining
29:54 Hand Cart
30:21 Town Patrol
32:02 Nomads
36:13 Imperial Age
35:25 Light Cavalry
36:02 Arson
36:25 Thumb Ring
37:02 Stone Shaft Mining
38:21 Conscription
37:36 Elite Mangudai
41:29 Scale Barding Armor
41:26 Padded Archer Armor
41:17 Fletching
41:38 Forging
42:44 Chain Barding Armor
42:23 Elite Skirmisher
43:54 Cavalier
46:17 Murder Holes
46:43 Ballistics
46:34 Fortified Wall
DorsalMold8400
11:27 Feudal Age
12:56 Horse Collar
13:55 Wheelbarrow
13:09 Double-Bit Axe
15:25 Loom
17:30 Man-at-Arms
24:05 Castle Age
28:47 Hand Cart
28:47 Bow Saw
29:15 Town Watch
28:56 Long Swordsman
49:26 Chemistry
53:52 Imperial Age
胤矢苍穹
0:34 Loom
12:26 Feudal Age
13:18 Double-Bit Axe
14:19 Man-at-Arms
15:43 Long Swordsman
19:58 Wheelbarrow
19:45 Forging
19:35 Scale Mail Armor
26:05 Castle Age
24:51 Horse Collar
25:52 Arson
27:39 Iron Casting
27:19 Chain Mail Armor
27:40 Two-Handed Swordsman
28:07 Gambesons
28:25 Squires
29:10 Bow Saw
30:24 Hand Cart
30:02 Gold Mining
31:58 Fervor
32:19 Stone Mining
33:06 Gold Shaft Mining
36:16 Sanctity
41:05 Imperial Age
39:25 Ballistics
38:32 Champion
39:05 Fletching
39:16 Padded Archer Armor
40:52 Bodkin Arrow
41:13 Leather Archer Armor
41:36 Town Watch
42:57 Chemistry
42:02 Bracer
43:03 Blast Furnace
42:34 Plate Mail Armor
42:28 Conscription
41:30 Elite Composite Bowman
44:06 Fereters
44:38 Ring Archer Armor
45:12 Treadmill Crane
47:06 Caravan
星星泡面
4:48 Loom
10:22 Feudal Age
11:37 Wheelbarrow
11:15 Double-Bit Axe
12:32 Man-at-Arms
13:50 Man-at-Arms
14:45 Horse Collar
16:06 Town Watch
17:08 Scale Mail Armor
22:08 Castle Age
23:56 Long Swordsman
24:37 Squires
24:24 Arson
25:06 Bow Saw
26:15 Ballistics
27:44 Heavy Plow
28:13 Hand Cart
30:08 Chemistry
37:37 Murder Holes
41:03 Imperial Age
39:59 Masonry
41:21 Wagenburg Tactics
42:29 Siege Engineers
42:58 Architecture
43:01 Conscription
48:03 Caravan
47:36 Elite Hussite Wagon
50:37 Capped Ram
57:55 Houfnice
Connection lost

Rejoining the realm…

Still unreachable

The connection could not be restored.

Session expired

The server has moved on; the page needs a fresh start.